 Dungeon Crawl Stone Soup version 0.31-a0-430-gf8416d752b (webtiles) character file.

Game seed: 7150811724707808697

589 Ethylacetat the Changeling (level 7, -7/47 HPs)
             Began as an Octopode Shapeshifter on July 31, 2023.
             Mangled by an ogre
             ... wielding a +0 giant club
              (26 damage)
             ... on level 4 of the Dungeon.
             The game lasted 00:06:50 (3198 turns).

Ethylacetat the Changeling (Octopode Shapeshifter)  Turns: 3198, Time: 00:06:50

Health: -7/47      AC:  1    Str: 14    XL:     7   Next: 38%
Magic:  7/7        EV: 13    Int: 11    God:
Gold:   147        SH:  5    Dex: 14    Spells: 6/6 levels left

rFire   . . .        l - +2 whip (vamp)
rCold   . . .        (no shield)
rNeg    . . .        (helmet currently unavailable)
rPois   .            h - amulet of reflection
rElec   .            j - ring of flight
rCorr   .            (no ring)
SInv    .            (no ring)
Will    .....        (no ring)
Stlth   ++           (no ring)
HPRegen 0.27/turn    (no ring)
MPRegen 0.10/turn    (no ring)
                     (no ring)

%: reflection
@: beast-form, flying
A: beast (slay +3), almost no armour, amphibious, 8 rings, camouflage 1,
gelatinous body 1, (nimble swimmer 1), tentacles
a: Begin Untransformation


You were on level 4 of the Dungeon.
You were a hulking beast.
You visited 1 branch of the dungeon, and saw 4 of its levels.
You also visited: Sewer.

You collected 147 gold pieces.

Inventory:

Hand Weapons
 l - a +2 vampiric whip (weapon)
Missiles
 m - 2 curare-tipped darts
Jewellery
 h - an amulet of reflection (around mantle)
 j - a ring of flight (left tentacle)
Talismans
 b - a beast talisman (active)
Wands
 k - a wand of iceblast (11)
Scrolls
 c - 2 scrolls of vulnerability {unknown}
 d - 4 scrolls of identify {unknown}
 e - 4 scrolls of teleportation {unknown}
 f - a scroll of enchant armour {unknown}
 g - a scroll of blinking {unknown}
 i - a scroll of poison {unknown}
 p - a scroll of noise {unknown}
Potions
 a - a potion of lignification
 n - 6 potions of haste {unknown}
 o - 3 potions of heal wounds {unknown}


   Skills:
 + Level 3.8 Fighting
 - Level 2.0 Dodging
 + Level 4.8 Unarmed Combat
 * Level 5.4 Shapeshifting


You had 6 spell levels left.
You didn't know any spells.
Your spell library contained the following spells:

 Spells                   Type           Power      Damage    Failure   Level
 Ensorcelled Hibernation  Hex/Ice        0%         N/A       47%         2
 Passwall                 Tmut/Erth      0%         N/A       47%         2
 Static Discharge         Conj/Air       0%         2-2/arc   47%         2
 Swiftness                Air            0%         N/A       71%         3
 Vhi's Electric Charge    Tloc/Air       0%         N/A       71%         3
 Airstrike                Air            0%         2d(0-16)  98%         4
 Summon Lightning Spire   Summ/Air       0%         N/A       98%         4
 Arcjolt                  Conj/Air       0%         1d10      100%        5
 Maxwell's Capacitive Co  Air            0%         ∞         100%        8


Dungeon Overview and Level Annotations

Branches:
Dungeon (4/15)              Sewer (visited)
 Temple: D:4-7

Altars:
Wu Jian
Yredelemnul

Portals:
Abyss: D:3

Annotations:
D:3 2 transporters, bdfhjk's ghost, amateur DENe


Innate Abilities, Weirdness & Mutations

You are a hulking beast.
Your limbs bulge with bestial killing power. (Slay +3)
You cannot wear most types of armour.
You are amphibious.
You can wear up to eight rings at the same time.
Your skin changes colour to match your surroundings (Stealth+).
Your rubbery body absorbs attacks. (AC +1, EV +1)
((You are camouflaged when in or above water. (Stealth+)))
You have tentacles for arms and can constrict up to eight enemies at once.


Message History

You block the giant cockroach's attack.
You hit the giant cockroach.
You feel better.
You kill the giant cockroach!
You start resting.
HP restored.
You fly downwards.
There is a stone staircase leading up here.
No target in view!
Things that are here:
a +0 ring mail; a +0 club No target in view!
No target in view!
An ogre comes into view. It is wielding a +0 giant club.
The ogre shouts!
You hear a shout!
A hobgoblin comes into view.
The orc priest looks braver for a moment.
You block the ogre's attack.
You barely miss the ogre. The ogre closely misses you.
A hobgoblin comes into view.
The hobgoblin shouts!
You hit the ogre.
The ogre is lightly wounded.
You hear a shout! x2
The orc priest mumbles some strange prayers to Beogh against you.
Pain shoots through your body! The ogre closely misses you.
You hit the ogre.
You feel better.
The ogre is lightly wounded.
The hobgoblin misses you.
The orc priest begins to cast a cantrip, but forgets the words!
You whack the ogre! Your squeeze misses the ogre.
The ogre is heavily wounded.
The hobgoblin hits you.
The ogre hits you with a +0 giant club!!
Ouch! That really hurt!
The hobgoblin hits you.
You whack the ogre!
You feel better.
The ogre is severely wounded.
The ogre hits you with a +0 giant club!!
Ouch! That really hurt!
You die...

..#....$....
........... #.#
.......#... #
#.###.......... #. #
#.....#........
##.##...##..#g.......
......#.##.#.........
......#.##...Og.....#
........#..o.h......#
..o.....))..........#
.....##[.#..........#
... #..##....>....# .
#<)#......?....
#)[.<...#####..
#.......# ..
#...)...# #.......#


You could see an ogre, an orc priest and 2 hobgoblins.

Vanquished Creatures
  5 kobold brigands (Sewer)
  A jelly (D:4)
  Terence (D:2)
  An orc wizard (D:4)
  2 adders (D:3)
  4 river rats (Sewer)
  3 worms
  5 dart slugs
  7 orcs
  8 endoplasms
  10 giant cockroaches
  8 goblins
  6 hobgoblins
  3 jackals (D:3)
  8 kobolds
  3 quokkas
  14 ball pythons
  3 bats
  A frilled lizard (D:2)
  10 rats
103 creatures vanquished.

Notes
Turn   | Place    | Note
-------+----------+-------------------------------------------
     0 | D:1      | Ethylacetat the Octopode Shapeshifter began the quest for
                  | the Orb.
     0 | D:1      | Reached XP level 1. HP: 13/13 MP: 1/1
    25 | D:1      | Found a faded altar of an unknown god.
    38 | D:1      | Reached XP level 2. HP: 17/18 MP: 2/2
   347 | D:1      | Reached XP level 3. HP: 23/23 MP: 3/3
   638 | D:2      | Noticed Terence
   646 | D:2      | Killed Terence
   835 | D:2      | Reached XP level 4. HP: 29/29 MP: 4/4
  1247 | D:3      | Found a basalt altar of Yredelemnul.
  1297 | D:3      | Found a transporter.
  1348 | D:3      | Found a glowing drain.
  1356 | Sewer    | Entered a sewer
  1385 | Sewer    | Reached skill level 4 in Shapeshifting
  1446 | Sewer    | Noticed a kobold brigand
  1458 | Sewer    | Killed a kobold brigand
  1459 | Sewer    | Reached XP level 5. HP: 6/35 MP: 5/5
  1582 | Sewer    | Noticed a kobold brigand
  1592 | Sewer    | Killed a kobold brigand
  1593 | Sewer    | Reached XP level 6. HP: 29/41 MP: 6/6
  1899 | Sewer    | Reached skill level 5 in Shapeshifting
  2092 | Sewer    | Reached XP level 7. HP: 23/46 MP: 7/7
  2347 | D:3      | Noticed a toenail golem
  2657 | D:3      | Found an ornate altar of the Wu Jian Council.
  2693 | D:3      | Found a transporter.
  2697 | D:3      | Found a one-way gate to the infinite horrors of the Abyss.
  2697 | D:3      | Noticed bdfhjk's ghost (amateur DENe)
  3198 | D:4      | Mangled by an ogre

Illustrated notes

Levels and vault maps discovered:
D:1:      nzn_arrival_crosshair, layout_rooms,
          ebering_ecumenical_altar_sacrificial, fountainhead,
          minmay_tree_intersection, ebering_dispersal_statue_hall
D:2:      layout_loops_ring, minivault_27, uniq_terence
D:3:      layout_basic, mainiacjoe_overflow_boulevard, general_overflow_altar,
          gammafunk_ghost_abyssal_escape, gup_sewer_entry_bubbles,
          minmay_misc_feat_alley
D:4:      layout_rooms, xom_confusion_cloud, serial_glass, glass_columns_a,
          glass_columns_a, nicolae_shop_vocational

Skill      XL: |  1  2  3  4  5  6 |
---------------+-------------------+-----
Fighting       | 2 3 |  3.8
Shapeshifting  | 4 5 |  5.4
Unarmed Combat | 4 |  4.8
Dodging        | |  2.0

Action                     |  1- 3 |  4- 6 |  7- 9 || total
---------------------------+-------+-------+-------++-------
  Melee: Unarmed           |    48 |    35 |       ||    83
         Constrict         |    13 |    22 |    14 ||    49
         Punch             |     2 |     4 |     3 ||     9
         Tentacles         |     7 |    20 |    11 ||    38
         Whip              |       |    49 |    64 ||   113
   Stab: Sleeping          |     6 |    12 |     7 ||    25
         Distracted        |       |     1 |       ||     1
 Armour: Skin              |     7 |     3 |     1 ||    11
  Dodge: Dodged            |    22 |    31 |    40 ||    93
  Block: Other             |       |    13 |    14 ||    27
         Reflection        |       |     2 |       ||     2

Table legend: (Time is in decaauts)
 A = Elapsed time spent in this place.
 B = Non-inter-level travel time spent in this place.
 C = Inter-level travel time spent in this place.
 D = Time resting spent in this place.
 E = Time spent auto-exploring this place.
 F = Levels seen in this place.
 G = Mean time per level.
                   A        B        C        D        E       F      G
               +--------+--------+--------+--------+--------+-----+--------+
         Total |   3207 |   3160 |     47 |    144 |   2277 |   5 |  641.4 |
       Dungeon |   2252 |   2205 |     47 |    144 |   1544 |   4 |  563.0 |
         Sewer |    955 |    955 |      0 |      0 |    733 |   1 |  955.0 |
               +--------+--------+--------+--------+--------+-----+--------+

Top non-repeatable levels by time:
     D:3: 993 daAuts
   Sewer: 955 daAuts
     D:2: 625 daAuts
     D:1: 565 daAuts
     D:4: 67 daAuts
